Map: 2000 Atmospheres LE

Players

Pumba - Winner!

  • Race: Protoss Protoss
  • League: Gold
  • Spawn Location: 3:00

Poggu

  • Race: Protoss Protoss
  • Spawn Location: 7:00

VOD

Have the link to the VOD?

Description

Time

  • Played on: Feb. 1, 2022, 6:55 p.m.
  • Length: 9:10
Show
View Real Time Build Order
Export as new Build Order

Pumba Protoss - Winner!

Build Orders: 1 Gate Expand, Colossus Rush 

Get SALT Encoding   

  12  0:00  Probe  
  13  0:12  Probe  
  14  0:17  Pylon  
  14  0:24  Probe  
  15  0:37  Probe (Chrono Boost)  
  15  0:40  Gateway  
  16  0:46  Probe (Chrono Boost)  
  16  0:48  Assimilator  
  17  0:51  Probe (Chrono Boost)  
  18  1:04  Probe  
  19  1:16  Probe  
  20  1:26  Nexus  
  20  1:37  Cybernetics Core  
  20  1:38  Probe  
  21  1:50  Assimilator  
  21  1:56  Probe  
  21  2:00  Pylon  
  22  2:08  Probe  
  22  2:10  Warp Gate  
  23  2:17  Stalker (Chrono Boost)  
  23  2:22  Probe  
  26  2:34  Probe (Chrono Boost)  
  27  2:39  Probe (Chrono Boost), Stalker  
  30  2:47  Robotics Facility  
  32  2:51  Probe (Chrono Boost)  
  32  2:52  Probe (Chrono Boost)  
  32  2:56  Probe (Chrono Boost)  
  34  2:58  Probe (Chrono Boost)  
  34  3:02  Gateway  
  34  3:04  Gateway  
  34  3:10  Pylon  
  34  3:12  Probe x2  
  36  3:21  Shield Battery  
  36  3:24  Sentry  
  38  3:27  Probe  
  38  3:29  Probe  
  40  3:35  Observer (Chrono Boost)  
  41  3:46  Probe x2  
  43  3:50  Pylon  
  43  3:53  Assimilator  
  43  3:55  Assimilator  
  43  4:03  Sentry  
  43  4:05  Sentry  
  43  4:07  Sentry  
  49  4:10  Probe x2  
  49  4:15  Pylon  
  51  4:22  Probe x2  
  57  4:28  Robotics Bay  
  53  4:31  Pylon  
  53  4:45  Immortal (Chrono Boost)  
  53  4:46  Probe x2  
  53  4:50  Sentry  
  61  4:55  Pylon  
  61  4:56  Sentry  
  61  4:57  Zealot  
  61  4:58  Probe x2  
  67  5:10  Probe  
  68  5:14  Colossus (Chrono Boost)  
  74  5:30  Stalker x3  
  74  5:31  Probe  
  74  5:34  Pylon  
  80  5:35  Pylon  
  80  5:41  Gateway x2  
  80  5:44  Gateway  
  80  5:45  Phoenix  
  80  5:46  Gateway  
  80  5:49  Gateway  
  80  5:50  Pylon  
  80  5:51  Pylon  
  80  5:58  Extended Thermal Lance (Chrono Boost), Colossus (Chrono Boost)  
  86  6:07  Stalker  
  88  6:30  Stalker x2  
  88  6:31  Stalker  
  94  6:37  Shield Battery  
  94  6:40  Warp Prism (Chrono Boost), Forge  
  96  6:49  Stalker x3  
  96  6:50  Stalker x2  
  106  7:04  Stalker x3  
  106  7:07  Pylon  
  112  7:09  Pylon  
  112  7:10  Observer  
  112  7:11  Pylon  
  111  7:50  Stalker  
  113  8:01  Stalker x5  
  113  8:02  Stalker x2  
  121  8:40  Stalker x8  
  125  9:05  Sentry x4  
  125  9:06  Sentry  
Show
View Real Time Build Order
Export as new Build Order

Poggu Protoss 

Build Orders: Blink Stalkers 

Get SALT Encoding   

  12  0:00  Probe  
  13  0:12  Probe  
  14  0:17  Pylon  
  14  0:26  Probe  
  15  0:37  Gateway  
  15  0:40  Probe (Chrono Boost)  
  16  0:49  Assimilator  
  17  0:51  Probe (Chrono Boost)  
  17  0:55  Probe (Chrono Boost)  
  18  1:06  Probe  
  19  1:16  Assimilator  
  19  1:18  Probe  
  20  1:26  Cybernetics Core  
  20  1:30  Probe  
  21  1:39  Pylon  
  21  1:42  Probe  
  22  1:54  Probe  
  22  2:00  Nexus  
  23  2:07  Stalker  
  25  2:09  Warp Gate (Chrono Boost)  
  25  2:22  Pylon  
  25  2:24  Probe  
  26  2:33  Gateway  
  26  2:36  Probe  
  27  2:49  Twilight Council, Probe  
  28  2:55  Stalker  
  30  3:02  Shield Battery  
  31  3:13  Probe (Chrono Boost)  
  31  3:14  Probe (Chrono Boost)  
  32  3:21  Robotics Facility  
  32  3:23  Probe (Chrono Boost)  
  34  3:27  Probe (Chrono Boost)  
  34  3:28  Probe (Chrono Boost)  
  35  3:36  Gateway  
  35  3:39  Probe  
  36  3:45  Stalker  
  38  3:50  Probe  
  38  3:55  Stalker, Blink (Chrono Boost)  
  39  4:01  Probe  
  39  4:02  Probe  
  43  4:10  Gateway  
  43  4:21  Stalker x2  
  48  4:24  Observer  
  48  4:26  Probe x2  
  50  4:35  Assimilator  
  50  4:38  Probe x2, Pylon  
  52  4:44  Stalker  
  54  4:56  Probe x2  
  54  4:58  Pylon  
  56  5:02  Pylon  
  56  5:04  Stalker x2  
  56  5:05  Pylon  
  60  5:08  Probe x2  
  60  5:12  Assimilator  
  62  5:16  Observer  
  62  5:20  Probe  
  64  5:28  Observer  
  64  5:38  Stalker  
  64  5:39  Stalker x3  
  64  5:40  Warp Prism (Chrono Boost)  
  64  5:42  Probe x2  
  76  5:54  Pylon  
  76  5:55  Pylon  
  76  5:56  Forge  
  76  6:03  Gateway  
  76  6:07  Gateway  
  76  6:08  Nexus  
  76  6:28  Charge (Chrono Boost)  
  76  6:29  Protoss Ground Weapons Level 1 (Chrono Boost)  
  76  6:30  Gateway  
  76  6:33  Gateway  
  76  6:34  Probe x2  
  76  6:39  Shield Battery  
  78  6:41  Shield Battery  
  78  6:43  Pylon  
  78  6:48  Stalker x3  
  84  7:08  Pylon  
  84  7:11  Gateway  
  84  7:13  Gateway  
  84  7:34  Probe x3  
  87  7:39  Shield Battery  
  87  7:40  Shield Battery  
  87  7:42  Zealot x4  
  95  7:47  Templar Archives  
  95  7:49  Gateway  
  95  7:51  Gateway  
  95  7:53  Gateway  
  95  8:03  Zealot x4  
  94  8:13  Zealot x2  
  94  8:15  Probe  
  94  8:16  Probe  
  94  8:25  Zealot  
  84  8:34  Stalker x4  
  78  8:48  Stalker  
  78  8:49  Stalker x3  
  78  8:53  Stalker  
Tags
 
Add a new tag
Caveats
  • Supply blocks, unpowered buildings, or Contaminate may cause inaccurate times.
  • Supply counts are checked every 10 seconds.